[Event "Chhattisgarh Masters GM 2022"]
[Site "Chhattisgarh"]
[Date "2022.09.27"]
[Round "9.1"]
[White "Neelash Saha"]
[Black "Mayank Chakraborty"]
[Result "1-0"]
[ECO "D30"]
[WhiteElo "2454"]
[BlackElo "2044"]
[Annotator "TA"]
[PlyCount "69"]
[EventDate "2022.09.19"]
[EventCountry "IND"]
[SourceTitle "playchess.com"]
[Source "ChessBase"]
[SourceQuality "1"]
[TimeControl "5400+30"]

1. d4 Nf6 2. c4 e6 3. Nf3 d5 4. e3 c5 5. dxc5 Bxc5 6. a3 a5 7. Nc3 {[%emt 0:01:08] D30: Queen's Gambit Declined: Systems without Nc3.} O-O 8. cxd5 exd5 9. Be2 {[%emt 0:00:33] The position is equal.} Nc6 10. Nb5 Bg4 11. O-O Ne4 {[%emt 0:05:07] [#]} 12. b3 $146 ({Predecessor:} 12. Bd2 Qb6 13. Rc1 Bxf3 14. gxf3 Nxd2 15. Qxd2 Rad8 16. Qc3 Be7 17. Rfd1 Bf6 18. Qc5 Qxc5 19. Rxc5 Bxb2 20. Rcxd5 Rxd5 21. Rxd5 {1-0 (56) Yang,K (2481)-Ljukin,S (2362) Chess.com INT 2021}) 12... Qf6 13. Ra2 Rad8 14. Rc2 Qh6 15. Nfd4 Bxe2 16. Nxe2 Rfe8 17. Ned4 Bxd4 18. Nxd4 Ne5 (18... Nxd4 $11 19. Qxd4 Qg6) 19. Bb2 {[%emt 0:00:00] [#] f4 is the strong threat.} Qb6 20. Ba1 Nf6 21. Qe2 Nc6 22. Nxc6 bxc6 23. Bd4 Qb7 (23... Qxb3 $142 24. Bxf6 (24. Rxc6 Qa4 $16) 24... gxf6) 24. Bxf6 $16 gxf6 25. Qg4+ Kh8 26. Qa4 Re6 27. Rfc1 Rb8 28. Rc3 ({Much worse is} 28. Rxc6 $6 Rxc6 29. Qxc6 (29. Rxc6 Qxb3 30. Qxb3 Rxb3 $14) 29... Qxc6 30. Rxc6 Rxb3 $14) 28... Qb5 29. Qh4 ({Wrong is} 29. Rxc6 $2 Rxc6 30. Ra1 Qxa4 31. bxa4 Rb2 $19) 29... Qb6 30. Rd1 Rg8 31. g3 Rg6 32. Qa4 (32. Qd4 $18 Qa6 33. Rc5) 32... Rg8 (32... Kg7 $16 {is a better defense.} 33. Qd4 Qb5) 33. Rdc1 $18 Rb8 (33... Qb5 $142 34. Qxb5 (34. Rxc6 Qxa4 35. bxa4 Rg4 $18) 34... cxb5) 34. Rxc6 Qxb3 $2 {[%emt 0:00:07] [#]} (34... Qd8 $18 35. Rc7 Re7) 35. Rc8+ {[%emt 0:00:00] Weighted Error Value: White=0.07 (flawless) /Black=0.42} 1-0

[Event "Chhattisgarh Masters GM 2022"]
[Site "Chhattisgarh"]
[Date "2022.09.27"]
[Round "9.1"]
[White "Tahbaz, Arash"]
[Black "Pantsulaia, Levan"]
[Result "1/2-1/2"]
[ECO "C68"]
[WhiteElo "2437"]
[BlackElo "2596"]
[Annotator "TA"]
[PlyCount "27"]
[EventDate "2022.09.19"]
[EventCountry "IND"]
[SourceTitle "playchess.com"]
[Source "ChessBase"]
[SourceQuality "1"]
[TimeControl "5400+30"]

1. e4 e5 2. Nf3 Nc6 3. Bb5 a6 4. Bxc6 dxc6 5. O-O Bg4 6. h3 h5 7. c3 Qd3 8. hxg4 hxg4 9. Nxe5 Bd6 10. Nxd3 Bh2+ 11. Kh1 Bg3+ 12. Kg1 Bh2+ 13. Kh1 {[%emt 0:00:02] [#]} Bg3+ $146 ({Predecessor:} 13... Bf4+) 14. Kg1 1/2-1/2

[Event "Chhattisgarh Masters GM 2022"]
[Site "Chhattisgarh"]
[Date "2022.09.27"]
[Round "9.1"]
[White "Viani Antonio Dcunha"]
[Black "Pawar, Harshit"]
[Result "1-0"]
[ECO "B07"]
[WhiteElo "2348"]
[BlackElo "2111"]
[Annotator "TA"]
[PlyCount "57"]
[EventDate "2022.09.19"]
[EventCountry "IND"]
[SourceTitle "playchess.com"]
[Source "ChessBase"]
[SourceQuality "1"]
[TimeControl "5400+30"]

1. e4 d6 2. d4 Nf6 3. Nc3 g6 4. f3 Bg7 5. Be3 c6 6. Qd2 h5 7. O-O-O $1 {[%emt 0:01:37] 7.0-0-0 is better than 7.h4.} d5 {[%emt 0:03:34] [#] B07: Pirc Defence: Miscellaneous Systems.} (7... b5 $11 {remains equal.}) 8. h3 $146 ({Predecessor:} 8. Kb1 a6 9. Nge2 b5 10. e5 Ng8 11. Nf4 e6 12. h4 c5 13. dxc5 Nc6 14. Bd4 {0-1 (55) Bartakke,A (2182)-Gokhale,C (2233) Goa 2015}) 8... b5 9. e5 Ng8 {[%emt 0:01:02] White is better.} 10. g3 (10. Bd3 $16) 10... e6 11. g4 {[%emt 0:04:15] White is more active.} Nd7 12. Bg5 ({Better is} 12. Kb1 $16) 12... Qa5 (12... Qxg5 $1 $11 13. Qxg5 Bh6 14. Qxh6 Rxh6) 13. Kb1 $1 $16 b4 14. Nce2 c5 15. gxh5 Rxh5 16. h4 Nb6 (16... c4 $142) 17. Ng3 (17. Nf4 $142 Rh7 18. h5) 17... Na4 (17... Rxg5 $16 18. hxg5 Kf8) 18. N1e2 (18. Nxh5 $18 {and the rest is easy.} gxh5 19. Ne2) 18... Rb8 (18... Rxg5 $16 19. hxg5 Rb8) 19. b3 (19. Nxh5 $18 {has better winning chances.} Nc3+ 20. Nxc3 bxc3 21. Nxg7+ Kf8 22. Qc1 (22. Nxe6+ Bxe6 23. Qc1 Rxb2+ 24. Qxb2 cxb2 $16) 22... Rxb2+ 23. Qxb2 $1 cxb2 24. Bf6 Nxf6 25. exf6) 19... Nc3+ 20. Nxc3 bxc3 21. Qe1 (21. Qe3 $142) 21... Rh8 {[%emt 0:02:54] [#]} (21... c4 $142) 22. dxc5 $1 Ne7 23. f4 ({White should play} 23. h5 $18) 23... Bb7 (23... Bd7 $16 {was necessary.}) 24. Rh3 $18 d4 $2 (24... Qxc5 25. Ne2 Nf5) 25. Rxd4 Nd5 26. Ne4 Bf8 (26... Bc6 $142 27. Nxc3 Bh6) 27. Nf6+ Nxf6 28. Qxc3 {[%emt 0:00:17][%mdl 64] Overworked Piece} Qxc3 29. Bb5+ {[%emt 0:00:09] Weighted Error Value: White=0.32/Black=0.83} 1-0

[Event "Chhattisgarh Masters GM 2022"]
[Site "Chhattisgarh"]
[Date "2022.09.27"]
[Round "9.2"]
[White "Savchenko, Boris"]
[Black "Ajay Karthikeyan"]
[Result "1/2-1/2"]
[ECO "E73"]
[WhiteElo "2547"]
[BlackElo "2422"]
[Annotator "TA"]
[PlyCount "110"]
[EventDate "2022.09.19"]
[EventCountry "IND"]
[SourceTitle "playchess.com"]
[Source "ChessBase"]
[SourceQuality "1"]
[TimeControl "5400+30"]

1. c4 Nf6 2. d4 g6 3. Nc3 Bg7 4. e4 d6 5. Be2 O-O 6. Be3 e5 7. d5 Na6 8. g4 {[%emt 0:00:18] E73: King's Indian: Averbakh Variation without 6...c5.} Nc5 9. Bf3 (9. f3 $1 $14) 9... a5 (9... c6 $5 ) 10. h4 {[%emt 0:08:31] The position is equal.} c6 11. dxc6 bxc6 12. g5 Nfd7 13. Qxd6 Ne6 {[%emt 0:00:10] [#]} (13... Qb6 $11 {should be considered.}) 14. Qxc6 $146 {[%emt 0:05:31] White is much more active. The black rooks are badly placed.} (14. Nge2 $1 $14) ({Predecessor:} 14. Nge2 c5 15. Bg4 Nd4 16. Bxd4 exd4 17. Nd5 Re8 18. Qc7 d3 19. Qxd8 Rxd8 20. Nec3 {1-0 (34) Korobkov,P (2484)-Spasov,V (2606) Bansko 2010}) 14... Rb8 $11 15. Qd6 Nd4 16. Nd5 {[%emt 0:16:18] Prevents Rb6.} (16. Kf1 $11) 16... Re8 (16... Rxb2 17. Bd1 $11) (16... Nc2+ $15 17. Kd1 Nxa1 18. Ne7+ Kh8) 17. O-O-O $2 (17. Rb1 $14) 17... Re6 $1 $17 18. Qc7 (18. Qa3 Ba6 19. Be2 Bf8 $11) 18... Qxc7 19. Nxc7 Rc6 20. Nd5 (20. Bxd4 exd4 21. Ne8 (21. Nd5 $2 Rxc4+ 22. Kb1 d3 $19) 21... Rxc4+ 22. Kb1 Be5) 20... Rxc4+ 21. Kb1 Bb7 $1 {[%emt 0:00:23] Strongly threatening ...Bxd5.} 22. Rc1 Bxd5 23. exd5 Rcb4 24. b3 e4 (24... a4 $142 $1 25. Bd2 R4b5) 25. Bd1 (25. Bxe4 $2 Nb5 26. Kc2 Rxe4 $19) (25. Bxd4 $142 Rxd4 26. Bg2) 25... a4 (25... Nb5 $17 26. Kc2 Nc3) 26. Bd2 ({White should play} 26. a3 $1 $15 Rxb3+ 27. Bxb3) 26... R4b7 $40 {[%emt 0:00:28][%mdl 128] Black is out for blood.} (26... R4b5 $19 27. Ne2 axb3 28. axb3 Nxb3 29. Bxb3 Rxb3+ 30. Kc2 Rd3) 27. Rh3 axb3 28. Bxb3 Ne5 {[%emt 0:02:46] aiming for ...Nd3.} 29. Rhc3 Nd3 {[%emt 0:00:55][%cal Rd4b3] Pair of Knights!} 30. Rc8+ Bf8 31. Rxb8 ({White should try} 31. R1c3 $1 $15) 31... Rxb8 $19 32. Rc4 (32. Rf1 {might work better.}) 32... Nxb3 33. axb3 Rxb3+ 34. Kc2 Rb2+ 35. Kd1 Rb1+ ({Stronger than} 35... Nxf2+ 36. Ke2 $17) 36. Ke2 Rxg1 37. Rc8 Rb1 38. d6 {[%emt 0:00:05] Intending d7 and mate.} Rb7 ({Weaker is} 38... Ne5 39. Bc3 Nd7 40. Rc7 $11) 39. Rc7 Rb8 (39... Rb5 $142 40. Rc8 Rd5) 40. d7 {[%emt 0:00:08] [#] Rc8 is the strong threat.} Nc5 $2 (40... Rd8 $1 $19 {White must now prevent ...Nc5.} 41. Ba5 Nf4+ 42. Kf1 Ne6) 41. Ba5 (41. Be3 $1 $11 Nxd7 42. Rxd7) 41... h6 42. Rxc5 Bxc5 43. d8=Q+ Rxd8 44. Bxd8 $15 {[%emt 0:00:00][%mdl 4096] Endgame KB-KB} f5 {[%emt 0:00:00] Threatens to win with ...hxg5.} 45. gxf6 Kf7 46. f3 exf3+ 47. Kxf3 h5 48. Kg3 Bd4 49. Kh3 {[%emt 0:00:00] [#]} (49. Bc7 $15) 49... Bxf6 ({Better is} 49... Ke6 $1 $17 50. f7 Bc5) 50. Bc7 (50. Bb6 $15 {was preferrable.}) 50... Ke6 $17 {[%emt 0:00:00] Black is better.} 51. Bf4 Kf5 52. Bg3 Be5 {[%emt 0:00:00] ( -> ...Bxg3)} 53. Bf2 Ke4 54. Be1 Kf3 55. Bg3 Bxg3 {[%emt 0:00:00] And White is the lucky defender.  Weighted Error Value: White=0.36/Black=0.27 (precise)} 1/2-1/2

[Event "Chhattisgarh Masters GM 2022"]
[Site "Chhattisgarh"]
[Date "2022.09.27"]
[Round "9.2"]
[White "Avinash Ramesh"]
[Black "Paichadze, Luka"]
[Result "1-0"]
[ECO "B13"]
[WhiteElo "2328"]
[BlackElo "2560"]
[Annotator "TA"]
[PlyCount "113"]
[EventDate "2022.09.19"]
[EventCountry "IND"]
[SourceTitle "playchess.com"]
[Source "ChessBase"]
[SourceQuality "1"]
[TimeControl "5400+30"]

1. e4 c6 2. d4 d5 3. exd5 cxd5 4. Bd3 Nc6 5. c3 Nf6 6. Bf4 Bg4 7. Qb3 Qd7 8. Nd2 e6 9. Ngf3 Bxf3 10. Nxf3 Bd6 11. Bxd6 Qxd6 12. O-O O-O 13. Rae1 Nd7 {[%emt 0:09:52] B13: Caro-Kann: Exchange Variation and Panov-Botvinnik Attack.} 14. Qc2 h6 15. Qe2 Rab8 {[%emt 0:04:21] [#] White has an edge.} 16. Ne5 $146 (16. Nh4 $14) ({Predecessor:} 16. Bb1 Rfc8 17. Qd3 Nf8 18. Ne5 Nxe5 19. Rxe5 b5 20. f4 b4 21. Re3 Rb7 22. f5 Rbc7 23. fxe6 Nxe6 24. Qh7+ Kf8 25. Qh8+ Ke7 26. Qxg7 Rf8 27. Bf5 {1-0 (27) Barata,A (2217)-De Souza Monteiro,M (2077) Belem 2011}) 16... Ncxe5 $11 17. dxe5 Qc7 18. Qh5 f5 19. exf6 Rxf6 20. Qh3 Nf8 21. Qg3 (21. Qg4 {is interesting.} Qb6 22. Re2 Rc8 23. Rfe1) 21... Rc8 22. Qxc7 Rxc7 23. f4 Nd7 24. Re3 Kf7 25. h4 a6 (25... e5 $11) 26. g4 Ke7 $1 27. Kg2 Kd6 28. g5 Rf8 29. Kg3 Nc5 30. Bc2 hxg5 31. hxg5 b5 32. Rfe1 Re7 33. R3e2 Nd7 34. Rf2 a5 35. Rd1 (35. a3 $11) 35... Kc5 (35... e5 $1 $15 36. f5 e4) 36. Rfd2 Nb6 37. Re2 Nd7 38. Bb3 {[%emt 0:02:33][%cal Od1d5] Black must now prevent Rxd5+!} Kd6 39. Bc2 Nb6 40. Bd3 b4 (40... Ref7 $11 {remains equal.}) 41. c4 $1 $16 Rc8 {[%emt 0:00:40] [#]} 42. b3 (42. cxd5 $1 $16 exd5 43. Rxe7 Kxe7 44. Re1+ Kf7 45. Re5) 42... a4 ({Black should try} 42... e5 $11) 43. Be4 $36 {[%emt 0:00:00][%mdl 2048] Black is under pressure. White is more active.} Rc5 ({Better is} 43... e5 $14) 44. Bf3 (44. Kg4 $16) 44... e5 $11 45. Kg4 exf4 46. Rxe7 Kxe7 47. cxd5 axb3 48. axb3 {[%emt 0:00:07][%mdl 4096] Endgame aiming for Rd4. KRB-KRN} Rc3 $2 (48... Kd6 $1 $11) 49. d6+ $18 Kd8 50. Kxf4 Rxb3 51. Bg4 {[%emt 0:01:37] Strongly threatening d7.} Rb2 $2 (51... Nc8 52. Rd4 Rb1) 52. Rh1 Rf2+ 53. Kg3 {[%emt 0:00:01] Rh8+ would kill now.} Rf8 {[%emt 0:00:11] Prevents Rh8.} 54. Rb1 $2 (54. Ra1 $18 {Threatening mate with Ra6.} Rf7 55. Ra5) 54... Nc4 $11 55. Rd1 {[%emt 0:01:42] Rd4 is the strong threat.} Re8 $2 (55... Ne3 $11 56. Rb1 Nf5+ 57. Kg2 Ne3+ 58. Kg3 Nf5+ 59. Bxf5 Rxf5 60. Rxb4 Rxg5+ 61. Kf4 Rd5) 56. d7 $18 Rf8 {[%emt 0:00:48] [#]} 57. Rc1 $1 {[%emt 0:00:09] Weighted Error Value: White=0.31/Black=0.28 (precise)} 1-0

[Event "Chhattisgarh Masters GM 2022"]
[Site "Chhattisgarh"]
[Date "2022.09.27"]
[Round "9.2"]
[White "Liyanage, Ranindu Dilshan"]
[Black "Arya Bhakta"]
[Result "1-0"]
[ECO "B23"]
[WhiteElo "2306"]
[BlackElo "2053"]
[Annotator "TA"]
[PlyCount "117"]
[EventDate "2022.09.19"]
[EventCountry "IND"]
[SourceTitle "playchess.com"]
[Source "ChessBase"]
[SourceQuality "1"]
[TimeControl "5400+30"]

1. e4 c5 2. Nc3 d6 3. f4 g6 4. Nf3 Bg7 5. Bb5+ Bd7 6. Bc4 {[%emt 0:00:34] B23: Closed Sicilian: Lines without g3.} Nc6 7. d3 e6 8. f5 {[%emt 0:00:34] The position is equal.} Nge7 (8... exf5 $11 9. Bf4 Nge7) 9. Ng5 $1 $16 {[%emt 0:01:29][%cal Og5f7] [#]} d5 $146 {[%emt 0:25:17] [#]} ({Predecessor:} 9... Nd4 10. O-O gxf5 11. Qh5 Rf8 12. Nxh7 Rh8 13. Bg5 Qb6 14. Bxe7 Qxb2 15. exf5 Nxf5 16. Rxf5 Qxa1+ {1-0 (33) Erigaisi,A (2633)-Sarana,A (2685) Chess.com INT 2022}) 10. exd5 ({White should try} 10. fxe6 $1 $16 Bxe6 11. exd5 Bxc3+ 12. bxc3 Bxd5 13. Bxd5 Nxd5 14. Qe2+ Qe7 15. Qxe7+ Ndxe7 16. Ne4) 10... exd5 $11 11. Nxd5 Bxf5 12. Ne3 O-O 13. O-O Ne5 $1 14. Bb3 $1 a5 15. a4 $1 Ra6 16. Kh1 h6 17. Nf3 Kh7 18. Nxe5 Bxe5 19. Qf3 (19. Bc4 $142) 19... Qc7 (19... Bc8 $1 $11) 20. Nxf5 $14 Nxf5 21. Qh3 Bg7 22. Bf4 Be5 23. Bd2 Bxb2 24. Rab1 Bg7 25. Bd5 Qd7 26. Bxb7 Ra7 27. Be4 $36 {[%emt 0:00:39][%cal Rf1f5][%mdl 2048] Threatens to win with Rxf5. White has some pressure.} Nd4 28. Qxd7 (28. g4 {seems wilder.} Nxc2 29. Rbc1 Nd4 30. Rxc5 Ne6 31. Rb5) 28... Rxd7 29. Bxa5 f5 30. Bf3 {[%emt 0:01:50] A strong pair of Bishops.} Nxc2 31. Bb6 Rxd3 32. a5 {[%emt 0:00:05] aiming for a6.} Ra3 (32... Na3 $14 33. Rbd1 (33. Bxc5 Nxb1 34. Bxf8 Nd2 $17) 33... Rxd1 34. Rxd1 Nc4) 33. Bxc5 Rxa5 34. Bxf8 Bxf8 35. Rb7+ Bg7 (35... Kh8 $16 {might work better.} 36. Rd1 Ne3) 36. Rd1 (36. Rc1 $18) 36... Ne3 $16 37. Rc1 h5 $1 38. Rb3 f4 39. Rb6 Kh6 40. Be4 Nf5 41. Rcc6 Ra1+ 42. Rb1 Ra5 43. Kg1 h4 {[%emt 0:00:00] White now steadily converts the win.} ({Black should play} 43... Bd4+ $14 44. Kf1 Kg5) 44. Bxf5 Rxf5 {[%emt 0:00:00][%mdl 4096] Endgame KRR-KRB} 45. Kf2 h3 46. gxh3 Rh5 47. Rb3 Bd4+ {[%emt 0:00:00] [#]} 48. Kg2 $1 Be3 (48... Rg5+ $16 49. Kf3 Rh5) 49. Rb8 {[%emt 0:00:00] And now Rg8 would win.} Ra5 $2 (49... Bd4 {was necessary.} 50. Rd8 Be5) 50. Rg8 $18 Ra2+ 51. Kf3 Rf2+ 52. Ke4 Rg2 53. h4 {[%emt 0:00:00][%cal Bh3h4,Bh4g5][%mdl 32] Black must now prevent Rc7.} Bf2 54. Kxf4 $2 (54. Kf3 {mates} Rg1 55. Kxf2 Rh1 56. Kf3 Rf1+ 57. Kg4 Kh7 58. Rd8 Kg7 59. Rd7+ Kh6 60. Rcc7) 54... Kh7 $2 (54... Bd4 $18 55. Rd8 Ba1) 55. Re8 {[%emt 0:00:00] White mates.} Bd4 56. Re7+ Bg7 57. Rcc7 g5+ 58. hxg5 Kh8 59. h4 {[%emt 0:01:01] Weighted Error Value: White=0.20 (precise) /Black=0.41} (59. Kf5 $142 Rf2+ 60. Kg6 Rf8 61. Rf7 Rg8 62. Kh5 (62. Rxg7 Rxg7+ 63. Rxg7 $11) 62... Kh7 63. Rf6 Rh8 64. Re6) 1-0

[Event "Chhattisgarh Masters GM 2022"]
[Site "Chhattisgarh"]
[Date "2022.09.27"]
[Round "9.3"]
[White "Venkatesh, M.R."]
[Black "Subhayan Kundu"]
[Result "1-0"]
[ECO "C47"]
[WhiteElo "2481"]
[BlackElo "2327"]
[Annotator "TA"]
[PlyCount "75"]
[EventDate "2022.09.19"]
[EventCountry "IND"]
[SourceTitle "playchess.com"]
[Source "ChessBase"]
[SourceQuality "1"]
[TimeControl "5400+30"]

1. e4 e5 2. Nf3 Nc6 3. Nc3 Nf6 4. g3 d5 5. exd5 Nxd5 6. Bg2 Nxc3 7. bxc3 Be7 8. O-O O-O 9. Re1 Bf6 10. d3 Re8 11. Nd2 Be6 12. Rb1 {[%emt 0:00:00] C47: Scotch Four Knights and Four Knights with 4 g3.} Rb8 {[%emt 0:00:32] [#]} 13. Rxb7 $146 ({Predecessor:} 13. a4 Qd7 14. Qf3 Be7 15. Ne4 Bg4 16. Qe3 b6 17. Ng5 Nd4 18. Qe4 Bf5 19. Qd5 Bxg5 20. Qxd7 Bxd7 21. Bxg5 {1-0 (50) Gonzalez,R (2408)-Garbisu de Goni,U (2414) Havana 1999}) 13... Rxb7 14. Bxc6 {[%emt 0:00:00] White is slightly better.} Rb8 15. Bxe8 Qxe8 16. c4 Qc6 17. Qf3 (17. f3 $14) 17... Qa4 $1 $11 18. Ne4 Be7 19. Qe2 Qxa2 20. Nc3 $36 {[%emt 0:00:00][%csl LRa2,LRe5][%mdl 2048] White has some pressure.} Qa5 (20... Qa6 $1 $11) 21. Bd2 (21. Qxe5 $14 Qxe5 22. Rxe5) 21... Bb4 22. Qxe5 (22. Rb1 {looks sharper.} Ra8 23. Qe1 c6 24. Ra1) 22... Qxe5 23. Rxe5 Bxc3 {[%emt 0:02:51] White leaves nothing to chance now.} (23... Bd7 $14) 24. Bxc3 $14 {[%emt 0:00:00][%mdl 4096] Endgame KRB-KRB} Rb1+ 25. Kg2 Rc1 26. Rg5 Kf8 (26... Rxc2 $16 27. Bxg7 h6 28. Bxh6+ Kh7) 27. Bxg7+ $18 Ke8 28. Ra5 Rxc2 {[%emt 0:00:16] [#]} 29. Kf3 $1 ({Much less strong is} 29. Rxa7 Rd2 30. Rxc7 Kd8) 29... c6 30. Rxa7 h5 31. Ke3 Bg4 32. f3 Bh3 33. Bf6 Rxh2 34. Re7+ Kf8 35. Rc7 Ke8 36. Rxc6 {[%emt 0:00:15] Rd6 is the strong threat.} Rg2 $2 (36... Kd7 37. Ra6 Bf1) 37. Bh4 $2 (37. Rd6 Bd7 38. c5) 37... Kd7 38. Rh6 {[%emt 0:00:30] Weighted Error Value: White=0.37/Black=0.16 (very precise)} 1-0

[Event "Chhattisgarh Masters GM 2022"]
[Site "Chhattisgarh"]
[Date "2022.09.27"]
[Round "9.3"]
[White "Batchuluun, Tsegmed"]
[Black "Sammed Jaykumar, Shete"]
[Result "1-0"]
[ECO "E04"]
[WhiteElo "2478"]
[BlackElo "2387"]
[Annotator "TA"]
[PlyCount "87"]
[EventDate "2022.09.19"]
[EventCountry "IND"]
[SourceTitle "playchess.com"]
[Source "ChessBase"]
[SourceQuality "1"]
[TimeControl "5400+30"]

1. d4 Nf6 2. c4 e6 3. Nf3 d5 4. g3 dxc4 5. Bg2 a6 6. O-O b5 7. Ne5 {[%emt 0:04:42] E04: Open Catalan: 5 Nf3.} c6 8. a4 (8. b3 $1 $14) 8... Bb7 $1 $11 9. axb5 {[%emt 0:08:12] The position is equal.} axb5 10. Rxa8 Bxa8 11. Nc3 Nd5 12. e4 Nxc3 13. bxc3 Nd7 14. Nxd7 Qxd7 15. Bf4 Be7 16. Qg4 $1 g6 17. Bh6 {[%emt 0:01:44] [#]} f6 $146 ({Predecessor:} 17... Bb7) 18. h4 Kf7 19. h5 Rd8 20. hxg6+ hxg6 21. Be3 Rh8 {[%emt 0:02:10] Prevents Qh3.} 22. Ra1 Bb7 23. Ra7 {[%emt 0:01:52][%cal Od4d5] [#] Strongly threatening d5!} Ra8 24. Rxa8 Bxa8 25. Qh4 Kg8 {[%emt 0:00:55] Prevents Qh7+.} 26. Bh3 Bd8 27. Qg4 Kf7 28. Qh4 {[%emt 0:00:05][%cal Od4d5] White wants to mate with d5!} Kg8 29. Qg4 $36 {[%emt 0:02:09][%csl LRe6,LRg6][%mdl 2048] White is more active.} Kf7 30. Qf4 g5 31. Qg4 Qe7 32. f4 Bb7 (32... Ke8 $11) 33. e5 $16 {[%emt 0:03:22][%cal Od4d5] d5! is the strong threat.} c5 34. dxc5 {[%emt 0:04:37] Hoping for Qh5+.} f5 $2 (34... Qd7 $16) 35. Qh5+ $18 (35. Qxg5 Qxg5 36. fxg5 Bc7 $11) 35... Kg7 (35... Kg8 $142 36. Qg6+ (36. Qxg5+ Qxg5 37. fxg5 Ba5 $14) (36. fxg5 Ba5 $16) 36... Kf8) 36. fxg5 {[%emt 0:00:05] And now g6 would win.} (36. c6 Bxc6 37. fxg5 Qf7 38. Qh6+ (38. Qh4 Ba5 $15) 38... Kg8 $11) 36... Bc6 (36... Qf7 $142 37. Qh6+ (37. Qh4 Ba5 $16) 37... Kg8) 37. Qh6+ Kg8 38. Qg6+ Kf8 39. Qh6+ Kg8 40. Bg2 Be8 41. c6 Bc7 (41... Qf7 {is a better defense.} 42. Bc5 Bc7) 42. Bd4 Bf7 43. g6 Be8 {[%emt 0:00:00] [#]} 44. Bd5 $1 {[%emt 0:00:00][%mdl 512] Weighted Error Value: White=0.31/Black=0.49} 1-0

[Event "Chhattisgarh Masters GM 2022"]
[Site "Chhattisgarh"]
[Date "2022.09.27"]
[Round "9.4"]
[White "Arpita, Mukherjee"]
[Black "Nithin Babu"]
[Result "1/2-1/2"]
[ECO "B30"]
[WhiteElo "2293"]
[BlackElo "1990"]
[Annotator "TA"]
[PlyCount "116"]
[EventDate "2022.09.19"]
[EventCountry "IND"]
[SourceTitle "playchess.com"]
[Source "ChessBase"]
[SourceQuality "1"]
[TimeControl "5400+30"]

1. e4 c5 2. Nf3 Nc6 3. Bb5 e5 4. O-O Bd6 5. c3 a6 6. Ba4 {[%emt 0:00:48] B30: Sicilian: 2...Nc6 3 Bb5, lines without ...g6.} b5 7. Bc2 Nge7 8. d4 {[%emt 0:00:54] White has an edge.} cxd4 9. cxd4 Nxd4 10. Nxd4 exd4 11. Qxd4 Qc7 12. h3 ({Much worse is} 12. Qxg7 Bxh2+ 13. Kh1 Be5 $17) 12... O-O 13. Bb3 {[%emt 0:02:06] [#]} Bc5 $146 ({Predecessor:} 13... Bb7) 14. Qd1 d5 15. exd5 Bb7 16. Nc3 Rad8 17. Bg5 h6 18. Bh4 (18. Bxe7 $5 Bxe7 19. Re1 $14) 18... Qf4 (18... g5 $11) 19. Qg4 (19. g3 $16 Qc7 20. Rc1) 19... Qxg4 $11 20. hxg4 {[%emt 0:00:01] [#] Hoping for Ne4.} g5 $132 {[%emt 0:01:05][%mdl 2048] Black is not keeping still} 21. Bg3 {[%emt 0:04:00] aiming for Rac1.} (21. Ne4 {keeps more tension.} Bd4 22. Bg3 Bxd5 23. Bd6) 21... Nxd5 22. Ne4 Be7 23. Rac1 Nf4 24. Bxf4 gxf4 25. Rfe1 Rc8 {[%emt 0:00:55] Prevents Nc5.} 26. Nc3 Bf6 27. Bd5 Rxc3 28. Bxb7 Rxc1 29. Rxc1 Bxb2 {[%emt 0:00:18][%mdl 4096] Endgame KRB-KRB} 30. Rc2 Be5 31. Bxa6 b4 32. Rc5 Bd6 33. Rf5 Rd8 34. Bc4 Rd7 35. Kh2 Kg7 36. Kh3 Rc7 37. Bb3 Rb7 38. g5 hxg5 39. Rxg5+ Kf6 40. Kg4 Rc7 41. Rf5+ Kg7 42. Rd5 Rc6 43. Rg5+ Kf8 $1 44. Rf5 Rc7 45. Rf6 Rd7 46. Kh5 (46. Bxf7 $5 Kg7 47. Be8 $14) 46... Kg7 47. Rf5 Rc7 48. Kg4 Rd7 49. Rd5 Kf6 50. Rf5+ Kg7 51. Kg5 f6+ 52. Kg4 ({Avoid the trap} 52. Rxf6 $2 Be7 53. Kf5 Bxf6 $19) 52... Be5 53. Rh5 Rd2 54. Kf3 Rd3+ 55. Ke2 f3+ 56. gxf3 (56. Kxd3 $2 {is the wrong capture.} fxg2 57. Rh4 g1=Q $19) 56... Rd4 57. Rh1 Bf4 58. Rd1 Rxd1 {[%emt 0:00:07] Weighted Error Value: White=0.09 (flawless) /Black=0.07 (flawless)} 1/2-1/2